 Dungeon Crawl Stone Soup version 0.31.0-11-ge490571c62 (webtiles) character file.

Game seed: 2873658480377181410

480 Gadfly the Insei (level 6, -4/44 (48) HPs)
             Began as a Demonspawn Monk on Jan 29, 2024.
             Slain by a wight
             ... wielding a +0 mace
              (8 damage)
             ... on level 3 of the Dungeon.
             The game lasted 00:05:24 (3662 turns).

Gadfly the Insei (Demonspawn Monk)                  Turns: 3662, Time: 00:05:24

HP:   -4/44 (48)    AC:  7    Str: 13    XL:     6   Next: 86%
MP:   6/6           EV: 13    Int: 11    God:
Gold: 203           SH:  0    Dex: 15    Spells: 2/5 levels left

rFire   + .          .
                       - Unarmed
rCold   + . .        (no shield)
rNeg    . . .        g - +4 robe of Ehulosul {rC+ Stlth+}
rPois   .            k - +0 helmet
rElec   .            (no cloak)
rCorr   .            (no gloves)
SInv    .            (no boots)
Will    .....        (no amulet)
Stlth   ++           i - ring of protection from fire
HPRegen 0.27/turn    (no ring)
MPRegen 0.10/turn

%: no passive effects
@: drained
A: ignite blood 2, demonic touch 2
a: no special abilities


You were on level 3 of the Dungeon.
You visited 1 branch of the dungeon, and saw 4 of its levels.

You collected 203 gold pieces.

Inventory:

Armour
 c - an orb of light
 g - the +4 robe of Ehulosul (worn) {rC+ Stlth+}
   (You took it off a goblin on level 3 of the Dungeon)

   rC+:       It protects you from cold.
   Stlth+:    It makes you more stealthy.
 k - a +0 helmet (worn)
Jewellery
 i - a ring of protection from fire (left hand)
Wands
 l - a wand of roots (11) (quivered)
Scrolls
 h - a scroll of fog
Potions
 b - a potion of ambrosia
 d - a potion of attraction {unknown}
 e - a potion of lignification
 f - a potion of enlightenment
 j - 2 potions of curing {unknown}


   Skills:
 + Level 4.0 Fighting
 + Level 3.4 Dodging
 * Level 4.2 Unarmed Combat
 * Level 3.3 Evocations
 * Level 2.6 Shapeshifting


You had 2 spell levels left.
You knew the following spells:

 Your Spells              Type           Power      Damage    Failure   Level
a - Apportation           Tloc           0%         N/A       34%         1
b - Blink                 Tloc           0%         N/A       47%         2

Your spell library contained the following spells:

 Spells                   Type           Power      Damage    Failure   Level
 Magic Dart               Conj           0%         1d3       34%         1
 Necrotise                Necr           0%         1d4       34%         1
 Sting                    Conj/Alch      0%         1d3       34%         1
 Summon Small Mammal      Summ           0%         N/A       34%         1
 Call Imp                 Summ           0%         N/A       47%         2
 Ensorcelled Hibernation  Hex/Ice        0%         N/A       47%         2
 Fugue of the Fallen      Necr           0%         N/A       71%         3
 Anguish                  Hex/Necr       0%         N/A       98%         4
 Vhi's Electric Charge    Tloc/Air       0%         N/A       98%         4
 Arcjolt                  Conj/Air       0%         1d10      100%        5
 Maxwell's Capacitive Co  Air            0%         ∞         100%        8


Dungeon Overview and Level Annotations

Branches:
Dungeon (4/15)
 Temple: D:4-7

Altars:
Ashenzari
Qazlal

Shops:
D:3 :


Innate Abilities, Weirdness & Mutations

Your demonic aura often causes spilled blood to erupt in flames.
Your touch may inflict irresistible damage on your foes.


Message History

You hit the hobgoblin. Your touch misses the hobgoblin.
The hobgoblin is heavily wounded.
The hobgoblin hits you.
You hit the hobgoblin.
You kill the hobgoblin!
Your Fighting skill increases to level 4!
No target in view!
No target in view!
No target in view!
No target in view!
No target in view!
No target in view!
No target in view!
No target in view!
You start resting.
HP restored.
There is a stone staircase leading down here.
You climb downwards.
The wight barely misses you.
There is a stone staircase leading up here.
There are monsters nearby!
The wight barely misses you. The wight misses you.
You climb upwards.
There is a stone staircase leading down here.
You hit the wight.
The wight is lightly damaged.
The wight barely misses you. The wight hits you with a +0 mace.
You feel drained.
You hit the wight but do no damage.
The wight is lightly damaged.
The wight hits you with a +3 battleaxe!
You feel drained. The wight closely misses you.
You hit the wight but do no damage.
You touch the wight!
The wight is heavily damaged.
The wight hits you with a +3 battleaxe! The wight misses you.
You closely miss the wight.
The wight is heavily damaged.
The wight hits you with a +3 battleaxe!
* * * LOW HITPOINT WARNING * * *
The wight hits you with a +0 mace!
You die...

##########....# #..# #.#
#.............# #..# #.#
#.............# #..# #.#
#..........######..######.#
#.......)....#.............
#..........#.#.....######.#
#..........#...#..........#
#............#.#..#########
#.........@....†...# #...#
#.........zz.......###...#
###.................##...#
#...............#.##...#
#...............#.##.†.#
#........###....#.##...#
#........# ######..#...#
#........# ##.....##
#........# ###.....


You could see 2 wights.

Vanquished Creatures
  A phantom (D:4)
  A scorpion (D:4)
  2 wights (D:4)
  A bombardier beetle (D:3)
  An orc wizard (D:4)
  Robin (D:2)
  7 adders
  2 ribbon worms (D:2)
  5 dart slugs
  8 orcs
  8 ball pythons
  4 endoplasms
  2 giant cockroaches (D:3)
  11 goblins
  14 hobgoblins
  6 jackals (D:1)
  4 quokkas
  6 bats
  5 frilled lizards
  6 kobolds
  2 rats
97 creatures vanquished.

Notes
Turn   | Place    | Note
-------+----------+-------------------------------------------
     0 | D:1      | Gadfly the Demonspawn Monk began the quest for the Orb.
     0 | D:1      | Reached XP level 1. HP: 18/18 MP: 1/1
   144 | D:1      | Gained mutation: Your demonic aura sometimes causes spilled
                  | blood to erupt in flames. [demonic ancestry]
   144 | D:1      | Reached XP level 2. HP: 23/24 MP: 2/2
   449 | D:1      | Reached skill level 1 in Evocations
   516 | D:1      | Reached skill level 1 in Shapeshifting
   521 | D:1      | Reached XP level 3. HP: 15/29 MP: 3/3
  1347 | D:2      | Discovered your monstrous ancestry.
  1347 | D:2      | Gained mutation: Your touch may inflict minor irresistible
                  | damage on your foes. [demonic ancestry]
  1347 | D:2      | Reached XP level 4. HP: 33/35 MP: 4/4
  1950 | D:3      | Found Coebogergh's Book Boutique.
  1976 | D:3      | Gained mutation: Your touch may inflict irresistible damage
                  | on your foes. [demonic ancestry]
  1976 | D:3      | Reached XP level 5. HP: 33/41 MP: 5/5
  1978 | D:3      | Learned a level 1 spell: Apportation
  1981 | D:3      | Learned a level 2 spell: Blink
  2194 | D:3      | Noticed Robin
  2403 | D:2      | Killed Robin
  2736 | D:3      | Identified the +4 robe of Ehulosul {rC+ Stlth+}
  3240 | D:4      | Noticed a phantom
  3258 | D:4      | Killed a phantom
  3259 | D:4      | Gained mutation: Your demonic aura often causes spilled
                  | blood to erupt in flames. [demonic ancestry]
  3259 | D:4      | Reached XP level 6. HP: 35/48 MP: 6/6
  3316 | D:4      | Found a stormy altar of Qazlal.
  3385 | D:4      | Found a broken altar of Ashenzari.
  3662 | D:3      | Slain by a wight

Illustrated notes

Levels and vault maps discovered:
D:1:      sevenhm_arrival_forest_fort_large_3, layout_basic
D:2:      layout_basic, kennysheep_potato
D:3:      layout_basic, serial_shops, nicolae_shop_back_alley_shop, uniq_robin
D:4:      layout_rooms, trog_wizard, mainiacjoe_overflow_catch_the_wave,
          minmay_manual_mullet

Skill      XL: |  1  2  3  4  5  6 |
---------------+-------------------+-----
Evocations     | 1 2 3 |  3.3
Shapeshifting  | 1 2 |  2.6
Unarmed Combat | 3 4 |  4.2
Dodging        | 3 |  3.4
Fighting       | 4 |  4.0

Action                     |  1- 3 |  4- 6 || total
---------------------------+-------+-------++-------
  Melee: Unarmed           |   156 |   177 ||   333
         Touch             |       |    28 ||    28
         Punch             |       |     3 ||     3
    Use: Scroll            |     4 |     4 ||     8
         Potion            |     1 |       ||     1
   Stab: Sleeping          |       |     2 ||     2
 Armour: Robe              |    76 |   105 ||   181
  Dodge: Dodged            |   129 |   124 ||   253
